 Dungeon Crawl Stone Soup version bcrawl-1.39.1 (webtiles) character file.

Game seed: 14843314576024318670

139385 Finalfun the Sneak (level 4, -4/34 HPs)
             Began as a Gnoll Archaeologist on Sept 23, 2023.
             Splashed by a jelly's acid (7 damage)
             ... on level 2 of the Dungeon.
             The game lasted 00:05:04 (2045 turns).

Finalfun the Sneak (Gnoll Archaeologist)            Turns: 2045, Time: 00:05:04

Health: -4/34      AC: -1    Str: 15    XL:     4   Next: 93%
Magic:  5/5        EV: 15    Int: 16    God:
Gold:   177        SH:  0    Dex: 13    Spells: 5/5 levels left

rFire    . . .     GDR:     26% a - +0 whip
rCold    . . .     SeeInvis .   (no shield)
rNeg     . . .     Gourm    .   c - +1 robe
rPois    .         Faith    .   x - +2 hat
rElec    .         Spirit   .   y - +2 cloak
rCorr    .         Reflect  .   (no gloves)
MR       .....                  r - +1 pair of boots
Stlth    +++.......             (no amulet)
HPRegen  0.15/turn              s - ring of Moral Flaws {+Fly Slay+2}
MPRegen  0.09/turn              (no ring)

@: corroded, very slightly contaminated, invisible
A: distributed training, fangs 1, strong nose
a: Evoke Flight


You were on level 2 of the Dungeon.
You were hungry.

You visited 1 branch of the dungeon, and saw 2 of its levels.

You collected 177 gold pieces.

Inventory:

Hand Weapons
 a - a +0 whip (weapon)
 b - a +0 blowgun
Missiles
 f - 6 curare-tipped needles
 q - 804 stones (quivered)
 w - 91 poisoned needles
Armour
 c - a +1 robe (worn)
 r - a +1 pair of boots (worn)
 x - a +2 hat (worn)
 y - a +2 cloak (worn)
Jewellery
 s - the ring of Moral Flaws (left hand) {+Fly Slay+2}
   (You found it on level 1 of the Dungeon)

   [ring of flight]

   It affects your accuracy and damage with ranged weapons and melee attacks
   (+2).
   It lets you fly.
Scrolls
 g - a scroll of revelation
 j - a scroll of fog
 l - 6 scrolls of remove curse
 m - 3 scrolls of fear
 u - 2 scrolls of teleportation
 v - 3 scrolls of amnesia {unknown}
 C - a scroll of immolation {unknown}
Potions
 i - a potion of heal wounds {unknown}
 n - a potion of berserk rage {unknown}
 o - a potion of brilliance {unknown}
 p - a potion of haste {unknown}
 t - 2 potions of lignification {unknown}
 z - 2 potions of curing {unknown}
 A - a potion of might {unknown}
Miscellaneous
 h - a dusty tome
Comestibles
 e - 3 rations {!d}
 B - 2 chunks of flesh


   Skills:
 + Level 2.8 Fighting
 + Level 1.2 Short Blades
 + Level 1.2 Long Blades
 + Level 1.2 Axes
 + Level 2.8 Maces & Flails
 + Level 1.2 Polearms
 + Level 1.2 Staves
 + Level 1.2 Slings
 + Level 1.2 Bows
 + Level 1.2 Crossbows
 + Level 1.2 Throwing
 + Level 1.2 Armour
 + Level 6.6 Dodging
 + Level 6.6 Stealth
 + Level 1.2 Shields
 + Level 1.2 Unarmed Combat
 + Level 1.2 Spellcasting
 + Level 1.0 Conjurations
 + Level 1.0 Hexes
 + Level 1.0 Charms
 + Level 1.0 Summonings
 + Level 1.0 Necromancy
 + Level 1.0 Translocations
 + Level 1.0 Transmutations
 + Level 1.0 Fire Magic
 + Level 1.0 Ice Magic
 + Level 1.0 Air Magic
 + Level 1.0 Earth Magic
 + Level 1.0 Poison Magic
 + Level 1.4 Invocations
 + Level 1.2 Evocations


You had 5 spell levels left.
You didn't know any spells.
Your spell library was empty.

Dungeon Overview and Level Annotations

Branches:
Dungeon (2/12)

Altars:


Innate Abilities, Weirdness & Mutations

Your experience applies equally to all skills.
You have very sharp teeth.
Your uncanny sense of smell can sniff out nearby items.


Message History

The jelly hits you. The acid corrodes you!
You are splashed with acid!
* * * LOW HITPOINT WARNING * * *
The jelly barely misses you.
You fade into invisibility!
The jelly completely misses you.
You are very lightly contaminated with residual magic.
You hit the jelly.
Your hands burn!
* * * LOW HITPOINT WARNING * * *
The jelly is moderately wounded.
The jelly completely misses you.
You barely miss the jelly.
The jelly is moderately wounded.
The jelly closely misses you.
You hit the jelly.
Your hands burn!
* * * LOW HITPOINT WARNING * * *
The jelly is moderately wounded.
The jelly hits you.
* * * LOW HITPOINT WARNING * * *
You are splashed with acid!
You die...

#.............# #...
#...........>.# ####
#########...### ### #...#
..÷..##.####### #...#
.....#.#.#....##### #...#
...JJ#J#.#.....##.# #...#
...P.#.#.#......+.## #...#
..J..#.#.......J@..# #...#####
.PJPP#.#........+..# #.......#
....÷#[#.......##..###....##.####
.P...'##......###.........#......
.....########## #)######....#####
##### #.###....##......
#........#....... ############
#.........##.##.. ....[......#
#......##..#.#...


You could see a jelly.

Vanquished Creatures
  A jelly (D:2)
  6 oozes (D:2)
  A worm (D:2)
  2 dart slugs
  3 leopard geckos
  An orc (D:2)
  3 goblins (D:1)
  4 hobgoblins
  A jackal (D:2)
  14 kobolds
  A quokka (D:2)
  2 ball pythons (D:2)
  3 frilled lizards
  8 rats
50 creatures vanquished.

Vanquished Creatures (others)
  A fungus (D:2)
  9 toadstools (D:2)
10 creatures vanquished.

Grand Total: 60 creatures vanquished

Notes
Turn   | Place    | Note
-------+----------+-------------------------------------------
     0 | D:1      | Finalfun the Gnoll Archaeologist began the quest for the
                  | Orb.
     0 | D:1      | Reached XP level 1. HP: 17/17 MP: 1/1
   104 | D:1      | Reached XP level 2. HP: 23/23 MP: 2/2
   245 | D:1      | Got a flickering lapis lazuli ring
   896 | D:2      | Reached XP level 3. HP: 26/28 MP: 3/3
  1221 | D:2      | Reached skill level 1 in Invocations
  1302 | D:2      | Reached skill level 1 in Short Blades
  1302 | D:2      | Reached skill level 1 in Long Blades
  1302 | D:2      | Reached skill level 1 in Axes
  1302 | D:2      | Reached skill level 1 in Polearms
  1302 | D:2      | Reached skill level 1 in Staves
  1302 | D:2      | Reached skill level 1 in Slings
  1302 | D:2      | Reached skill level 1 in Bows
  1302 | D:2      | Reached skill level 1 in Crossbows
  1302 | D:2      | Reached skill level 1 in Throwing
  1302 | D:2      | Reached skill level 1 in Armour
  1302 | D:2      | Reached skill level 1 in Shields
  1302 | D:2      | Reached skill level 1 in Unarmed Combat
  1302 | D:2      | Reached skill level 1 in Spellcasting
  1302 | D:2      | Reached skill level 1 in Evocations
  1307 | D:2      | HP: 1/28 [acid (7)]
  1360 | D:2      | Reached XP level 4. HP: 7/34 MP: 5/5
  1451 | D:2      | Identified the ring of Moral Flaws {+Fly Slay+2} (You found
                  | it on level 1 of the Dungeon)
  1885 | D:2      | Reached skill level 1 in Conjurations
  1885 | D:2      | Reached skill level 1 in Hexes
  1885 | D:2      | Reached skill level 1 in Charms
  1885 | D:2      | Reached skill level 1 in Summonings
  1885 | D:2      | Reached skill level 1 in Necromancy
  1885 | D:2      | Reached skill level 1 in Translocations
  1885 | D:2      | Reached skill level 1 in Transmutations
  1885 | D:2      | Reached skill level 1 in Fire Magic
  1885 | D:2      | Reached skill level 1 in Ice Magic
  1885 | D:2      | Reached skill level 1 in Air Magic
  1885 | D:2      | Reached skill level 1 in Earth Magic
  1885 | D:2      | Reached skill level 1 in Poison Magic
  2045 | D:2      | Splashed by a jelly's acid

Skill      XL: |  1  2  3  4 |
---------------+-------------+-----
Invocations    | 1 |  1.4
Short Blades   | 1 |  1.2
Long Blades    | 1 |  1.2
Axes           | 1 |  1.2
Polearms       | 1 |  1.2
Staves         | 1 |  1.2
Slings         | 1 |  1.2
Bows           | 1 |  1.2
Crossbows      | 1 |  1.2
Throwing       | 1 |  1.2
Armour         | 1 |  1.2
Shields        | 1 |  1.2
Unarmed Combat | 1 |  1.2
Spellcasting   | 1 |  1.2
Evocations     | 1 |  1.2
Conjurations   | 1 |  1.0
Hexes          | 1 |  1.0
Charms         | 1 |  1.0
Summonings     | 1 |  1.0
Necromancy     | 1 |  1.0
Translocations | 1 |  1.0
Transmutations | 1 |  1.0
Fire Magic     | 1 |  1.0
Ice Magic      | 1 |  1.0
Air Magic      | 1 |  1.0
Earth Magic    | 1 |  1.0
Poison Magic   | 1 |  1.0
Fighting       | |  2.8
Maces & Flails | |  2.8
Dodging        | |  6.6
Stealth        | |  6.6

Action                   |  1- 3 |  4- 6 || total
-------------------------+-------+-------++-------
Melee: Whip              |   148 |    29 ||   177
       Bite              |     8 |     3 ||    11
 Fire: Blowgun           |     5 |       ||     5
Throw: Stone             |     5 |     1 ||     6
  Use: Scroll            |     3 |     1 ||     4
       Potion            |     1 |     1 ||     2
 Stab: Sleeping          |     6 |     2 ||     8
  Eat: Chunk             |     5 |     3 ||     8
Armor: Robe              |    37 |     4 ||    41
Dodge: Dodged            |   101 |    19 ||   120
